[Event "MČR v bleskovém šachu družstev 2019"]
[Site "Teplice, Czech Republic"]
[Date "2019.09.14"]
[Round "1.1"]
[White "Bach, Markus"]
[Black "Kociscak, Jiri"]
[Result "1/2-1/2"]
[TimeControl "3 mim. + 2 s"]
[BlackTitle "IM"]
[WhiteFideId "24603376"]
[BlackFideId "322121"]
[WhiteElo "2259"]
[BlackElo "2417"]

1. d4 d5 2. Bg5 h6 3. Bh4 c6 4. e3 Qb6 5. Qc1 e5 6. Nf3 e4 7. Nfd2 Be6 8. c4 Nd7 9. Nc3 Ne7 10.
Be2 Nf5 11. Bg3 Nxg3 12. hxg3 Be7 13. Rb1 O-O 14. a3 Nf6 15. b4 a6 16. c5 Qc7 17. Na4 Bg4 18. Qd1 Bxe2 19. Qxe2 Rae8 20. Nb6 Bd8 21. a4 Qb8 22. a5 Bc7 23.
Kd1 Qd8 24. Kc2 Nh7 25. Qh5 Ng5 26. Rbf1 Re6 27. Nb1 Rf6 28. Nc3 Re8 29. Ne2 Ne6 30. Nf4 Nf8 31. Na4 Qd7 32. Nc3 Rf5 33. Qh3 1/2-1/2

[Event "MČR v bleskovém šachu družstev 2019"]
[Site "Teplice, Czech Republic"]
[Date "2019.09.14"]
[Round "1.2"]
[White "Polak, Tomas"]
[Black "Buchcar, Tomas"]
[Result "1-0"]
[TimeControl "3 mim. + 2 s"]
[WhiteTitle "GM"]
[WhiteFideId "300560"]
[BlackFideId "328421"]
[WhiteElo "2510"]
[BlackElo "2145"]

1. d4 Nf6 2. c4 c5 3. d5 e5 4. Nc3 d6 5. e4 Be7 6.
Be2 Nbd7 7. Nf3 Nf8 8. g3 Ng6 9. h4 h6 10. h5 Nf8 11. Nh4 N6h7 12. Ng2 a6 13. Be3 Bg5 14. f4 Bf6 15. Qc2 Bd7 16. a4 Qa5 17.
Bd2 Qc7 18. Ne3 Qc8 19. Qd1 Qd8 20. Bg4 exf4 21. gxf4 Bh4+ 22. Kf1 Bf6 23. Bxd7+ Nxd7 24. Nf5 Qc7 25. Qg4 O-O-O 26. Rg1 Rhg8 27.
a5 Kb8 28. Qf3 Rde8 29. Rg2 g5 30. Nxh6 Rg7 31. Nf5 Rgg8 32. Nh6 Rg7 33. Ng4 Bd4 34. h6 Rgg8 35. f5 f6 36. Nd1 Ne5 37. Nxe5 Rxe5 38. Rg4 Rge8 39. Rb1 Qe7 40. Nc3 Bxc3 41. Bxc3 Rxe4 42. Rxe4 Qxe4 43. Qxe4 Rxe4 44. Re1 Rxe1+ 45. Kxe1 Kc7 46. Ke2 Kd7 47. Kf3 Ke7 48. Kg4 Kf7 49. b4 Nf8 50. bxc5 dxc5 51. Kh5 Nd7 52. Bb2 Nf8 53. Bc1 Nd7 54. Be3 Ne5 55. Bxc5 Nd3 56. Bd4 Nb4 57. h7 Kg7 58. h8=Q+ Kxh8 59. Bxf6+ Kg8 60.
Kxg5 Kf7 61. Bc3 Nc2 62. Kf4 Na3 63.
c5 Nc4 64. Ke4 Na3 65. c6 bxc6 66.
dxc6 Nb5 67. Be5 Ke7 68. Kd5 Kd8 69. f6 Kc8 70. Ke4 1-0

[Event "MČR v bleskovém šachu družstev 2019"]
[Site "Teplice, Czech Republic"]
[Date "2019.09.14"]
[Round "1.3"]
[White "Tresnak, Filip"]
[Black "Stocek, Jiri"]
[Result "1-0"]
[TimeControl "3 mim. + 2 s"]
[BlackTitle "GM"]
[WhiteFideId "333905"]
[BlackFideId "304760"]
[WhiteElo "1931"]
[BlackElo "2505"]

1. e4 e6 2. d4 d5 3. e5 c5 4. c3 Nc6 5. Nf3 Bd7 6. Be2 f6 7. O-O fxe5 8. Nxe5 Nxe5 9. dxe5 Qc7 10. f4 Nh6 11. Nd2 Be7 12.
Nf3 O-O-O 13. Be3 Kb8 14. Qc2 Rhf8 15. Qxh7 Nf5 16. Bf2 g5 17. Qh3 gxf4 18. Rfd1 Rg8 19. g3 fxg3 20. hxg3 Bc6 21.
Bd3 Rdf8 22. Bxf5 Rxf5 23. Rd3 d4 24. Nh4 Rh5 25. Kf1 Bxh4 26. gxh4 Bg2+ 27. Qxg2 Rxg2 28. Kxg2 Qxe5 29. Bg3 Kc8 30.
Bxe5 Rxe5 31. cxd4 1-0

[Event "MČR v bleskovém šachu družstev 2019"]
[Site "Teplice, Czech Republic"]
[Date "2019.09.14"]
[Round "1.4"]
[White "Vymazal, Bronislav"]
[Black "Prudek, Jiri"]
[Result "1-0"]
[TimeControl "3 mim. + 2 s"]
[WhiteFideId "318396"]
[BlackFideId "327310"]
[WhiteElo "2309"]
[BlackElo "1962"]

1. e4 c5 2. Nf3 e6 3. d4 cxd4 4. Nxd4 a6 5.
Bd3 Qc7 6. Qe2 Nf6 7. O-O d6 8.
c3 Nbd7 9. Bg5 Be7 10. Nd2 h6 11. Bh4 b5 12. Rae1 Bb7 13. f4 Nc5 14. Bc2 Rg8 15. e5 Nfd7 16. Bxe7 Kxe7 17. exd6+ Kxd6 18. b4 Na4 19. Nxe6 Qb6+ 20.
Nd4 Nxc3 21. Qd3 Nd5 22. Kh1 Rae8 23. Rc1 Ke7 24. Bb3 Kf8 25. Nf5 1-0

[Event "MČR v bleskovém šachu družstev 2019"]
[Site "Teplice, Czech Republic"]
[Date "2019.09.14"]
[Round "1.5"]
[White "Jirovsky, Milos"]
[Black "Sprenar, Petr"]
[Result "1-0"]
[TimeControl "3 mim. + 2 s"]
[WhiteTitle "GM"]
[WhiteFideId "303224"]
[BlackFideId "397164"]
[WhiteElo "2499"]
[BlackElo "2173"]

1. Nf3 d5 2. c4 e6 3. g3 Nf6 4. Bg2 Be7 5. O-O O-O 6. d4 dxc4 7. Qc2 b6 8. Nbd2 Bb7 9. Nxc4 c5 10. Rd1 Nbd7 11.
dxc5 Bxc5 12. Bf4 Rc8 13. Qb3 Bd5 14. Nfe5 Nxe5 15. Bxd5 Nxd5 16. Bxe5 Qe7 17. Rac1 Rfd8 18. Qf3 f6 19.
Bf4 Nxf4 20. Qxf4 e5 21. Qg4 b5 22.
Ne3 Rxd1+ 23. Rxd1 Re8 24. Rd7 Qe6 25. Qxg7# 1-0

[Event "MČR v bleskovém šachu družstev 2019"]
[Site "Teplice, Czech Republic"]
[Date "2019.09.14"]
[Round "1.6"]
[White "Lorenc, Tomas"]
[Black "Sokolov, Alexander"]
[Result "0-1"]
[TimeControl "3 mim. + 2 s"]
[BlackTitle "FM"]
[WhiteFideId "313203"]
[BlackFideId "4119177"]
[WhiteElo "2094"]
[BlackElo "2417"]

1. c4 Nf6 2. g3 g6 3. Bg2 Bg7 4. Nf3 O-O 5. O-O d6 6.
Nc3 Nbd7 7. d3 e5 8. b4 c6 9. a4 Rb8 10. b5 c5 11. a5 Nh5 12. Nd5 e4 13. Bg5 f6 14. Nxf6+ Bxf6 15.
Bh6 exf3 16. Bxf3 Bg7 17. Bxg7 Nxg7 18. d4 Nf6 19. e4 Ne6 20. e5 dxe5 21. dxe5 Qxd1 22. Raxd1 Nd4 23. Bd5+ Nxd5 24. cxd5 Bh3 0-1

[Event "MČR v bleskovém šachu družstev 2019"]
[Site "Teplice, Czech Republic"]
[Date "2019.09.14"]
[Round "1.7"]
[White "Dolezal, Radoslav"]
[Black "Spicka, Jan"]
[Result "1-0"]
[TimeControl "3 mim. + 2 s"]
[WhiteTitle "IM"]
[WhiteFideId "304735"]
[BlackFideId "366781"]
[WhiteElo "2359"]
[BlackElo "1930"]

1. d4 Nf6 2. Bg5 h6 3. Bxf6 exf6 4. e3 d5 5. Bd3 Bd6 6. Ne2 Nc6 7. a3 Ne7 8. Ng3 Be6 9. Nd2 Qd7 10.
c4 O-O 11. O-O dxc4 12. Nxc4 Bxg3 13. hxg3 Rfd8 14. b4 Bf5 15. Bxf5 Nxf5 16. Qf3 c6 17. Rfc1 Nd6 18. Na5 Rab8 19.
Ra2 Qf5 20. Qxf5 Nxf5 21. Kf1 Nd6 22.
a4 Kf8 23. Ke2 Ke7 24. Nb3 Rbc8 25.
Rac2 f5 26. Nc5 Rc7 27. Kd3 g5 28. Rh1 Rh8 29. Nb3 f4 30. gxf4 gxf4 31. exf4 Nf5 32. Rh5 Ke6 33. Re2+ Kf6 34. g4 Ne7 35. Nc5 b6 36. Ne4+ Kg7 37. Nd6 Ng6 38. Re4 Rd7 39. Nf5+ Kf6 40. Rxh6 Rxh6 41. Nxh6 c5 42. bxc5 bxc5 43. g5+ Kg7 44. f5 Nh4 45.
Kc4 cxd4 46. Rxh4 d3 47. Rh1 d2 48. Rd1 f6 49. f4 fxg5 50. fxg5 Rc7+ 51.
Kd4 Rd7+ 52. Ke3 Rb7 53. Rxd2 Rb4 54. Rd7+ 1-0

[Event "MČR v bleskovém šachu družstev 2019"]
[Site "Teplice, Czech Republic"]
[Date "2019.09.14"]
[Round "1.8"]
[White "Srba, Stanislav"]
[Black "Postupa, Pavel"]
[Result "0-1"]
[TimeControl "3 mim. + 2 s"]
[WhiteFideId "364720"]
[BlackFideId "326410"]
[WhiteElo "1883"]
[BlackElo "2184"]

1. d4 Nf6 2. c4 g6 3. g3 Bg7 4. Bg2 d5 5. Nc3 dxc4 6. Qa4+ Nfd7 7. Qxc4 O-O 8. Bf4 Na6 9. Nf3 Nb6 10. Qb3 Be6 11.
Qc2 c5 12. dxc5 Nxc5 13. O-O Rc8 14. Rfd1 Qe8 15. Be5 f6 16. Bd4 Bf7 17. e4 e5 18. Be3 Nca4 19. Rd3 Qe6 20. b3 Nxc3 21.
Rxc3 Rxc3 22. Qxc3 Rc8 23. Qd2 Bf8 24. Rc1 Rxc1+ 25. Qxc1 Qd6 26. Nd2 Be6 27. Bf1 Qa3 28. Qxa3 Bxa3 29. Bb5 Kf7 30. Kf1 Ke7 31. Ke2 Kd6 32. Kd3 Bc5 33. Bxc5+ Kxc5 34.
Bc4 Bxc4+ 35. bxc4 Kb4 36. Nb3 Nxc4 37. f4 b6 38. f5 gxf5 39. exf5 Nd6 40. g4 h6 41. Nd2 a5 42. Kc2 Kc5 43. Kc3 b5 44. Nf3 Ne4+ 45. Kd3 Nf2+ 46. Kc3 Nxg4 47. h3 Ne3 48. Nh4 b4+ 49. Kb3 Kb5 50. a3 a4+ 51. Kb2 b3 52. Ng6 Nxf5 53. Ne7 Nxe7 0-1

[Event "MČR v bleskovém šachu družstev 2019"]
[Site "Teplice, Czech Republic"]
[Date "2019.09.14"]
[Round "1.9"]
[White "Brejnik, Gustav"]
[Black "Bernasek, Jan"]
[Result "1-0"]
[TimeControl "3 mim. + 2 s"]
[BlackTitle "GM"]
[WhiteFideId "362662"]
[BlackFideId "311995"]
[WhiteElo "2137"]
[BlackElo "2526"]

1. d4 Nf6 2. c4 e6 3. g3 d5 4. Nf3 Be7 5. Bg2 O-O 6. O-O c6 7. Qc2 Nbd7 8.
Nbd2 b6 9. e4 dxe4 10. Nxe4 Bb7 11. Rd1 Nxe4 12. Qxe4 Nf6 13. Qe2 Qc8 14. Bf4 Rd8 15. Rd3 Ba6 16. b3 b5 17. Ne5 bxc4 18.
bxc4 Bb7 19. Rb1 a5 20. Qb2 Ra7 21. Qb6 Qa8 22. Nxc6 Bxc6 23. Bxc6 Qc8 24. Qxa7 Qxc6 25. Qxe7 Re8 26. Qb7 Qxc4 27. Qb5 Qc2 28.
Be5 Rc8 29. Qb8 Ne8 30. Qb3 Qe2 31. Rc3 Rd8 32. Qb6 Qxa2 33. Qxd8 Qxb1+ 34. Kg2 Qe4+ 35. Kf1 Qb1+ 36. Ke2 Qe4+ 37. Kd2 h6 38. Qxe8+ Kh7 39. Qxf7 1-0

[Event "MČR v bleskovém šachu družstev 2019"]
[Site "Teplice, Czech Republic"]
[Date "2019.09.14"]
[Round "1.10"]
[White "Cernousek, Lukas"]
[Black "Hula, Lukas"]
[Result "1-0"]
[TimeControl "3 mim. + 2 s"]
[WhiteTitle "IM"]
[WhiteFideId "311707"]
[BlackFideId "319830"]
[WhiteElo "2473"]
[BlackElo "2111"]

1. Nf3 d5 2. e3 c6 3. c4 Bg4 4. Nc3 e6 5. d4 Nf6 6. Qb3 Qb6 7. Ne5 Bf5 8. c5 Qxb3 9.
axb3 Nbd7 10. Nxd7 Nxd7 11. b4 e5 12. b5 Be7 13. bxc6 bxc6 14. Ra6 Nb8 15. Ra4 Bc2 16. Ra3 O-O 17. Kd2 Bg6 18. Bd3 exd4 19. exd4 Bf6 20. Bxg6 fxg6 21. Kd3 a5 22. b4 Bd8 23. Be3 Na6 24. bxa5 Bxa5 25. Rha1 Bxc3 26. Kxc3 Nc7 27. Rxa8 Rxa8 28. Rxa8+ Nxa8 29. Bf4 Kf7 30. Kb4 Ke6 31. Ka5 g5 32. Be5 g6 33. Ka6 Kd7 34. Kb7 1-0

[Event "MČR v bleskovém šachu družstev 2019"]
[Site "Teplice, Czech Republic"]
[Date "2019.09.14"]
[Round "1.11"]
[White "Hoke, Petr"]
[Black "Vrbata, Zbynek"]
[Result "1/2-1/2"]
[TimeControl "3 mim. + 2 s"]
[BlackTitle "FM"]
[WhiteFideId "305006"]
[BlackFideId "301256"]
[WhiteElo "1946"]
[BlackElo "2324"]

1. e4 e6 2. d3 d5 3. Nd2 Nf6 4.
c3 c5 5.
g3 Nc6 6. Bg2 dxe4 7. Nxe4 Be7 8. Be3 Nd5 9. Bxc5 Bxc5 10. Nxc5 O-O 11. Nf3 Qb6 12. Nb3 a5 13. Qc2 e5 14. Nh4 Be6 15. O-O Rac8 16.
Qe2 a4 17. Nc1 Rfe8 18. a3 Rcd8 19. Na2 f6 20. Rfe1 Na5 21. Nb4 Nc7 22. Rad1 Bb3 23. Rd2 Be6 24. Qf3 Nb3 25. Rdd1 Nc5 26.
Nf5 g6 27. Ne3 Kg7 28. Nc4 Qa7 29.
Ne3 Bb3 30. Rd2 Be6 31. Ng4 Rf8 32.
Ne3 Nb3 33. Rdd1 Nc5 34. Rd2 Rf7 35. Nec2 Rfd7 36. d4 Nb3 37.
Rde2 Bc4 38. Re3 Nd2 39. Qxb7 Qxb7 40. Bxb7 Ne6 41. Bc6 Rd6 42. dxe5 fxe5 43. Bg2 Ng5 44. h4 Nf7 45. Bc6 g5 46. Bg2 h6 47. Nc6 Rf8 48. Nxe5 Nxe5 49. Rxe5 gxh4 50. gxh4 Rg6 51. Re7+ Kh8 52. R1e6 Nf3+ 53. Kh1 Nxh4 54. Rxg6 Nxg6 55.
Rc7 Bb3 56. Ne3 Rxf2 57. Kg1 Rxb2 58. Be4 Nf8 59. Rc8 Kg7 60. Nf5+ Kf7 61. Nxh6+ Ke7 62. Nf5+ Kf7 63. Nd6+ Ke6 64. Nf5 Nd7 65. Re8+ Kf6 66.
Rd8 Rd2 67. Nd4 Ne5 68. Rd6+ Ke7 69. Rb6 Bc4 70. Rb7+ Kd6 71. Rb6+ Kc7 72. Rb4 Ra2 73. Nb5+ Kd7 74. Nd4 Rxa3 75.
Nb5 Ra2 76. Nd4 a3 77. Nb5 Rb2 78. Nxa3 Re2 79. Nxc4 Nc6 80. Rb7+ Kd8 81. Bd3 Ra2 82. Rb2 Ra1+ 83. Kf2 Ne7 84. Kf3 Nd5 85. Ke4 Nxc3+ 86. Kd4 Nd1 87.
Kc5 Ke7 88. Rb7+ Kf6 89. Be4 Nf2 90. Bd5 Nd3+ 91. Kd4 Nf4 92. Rb6+ Kg5 93. Ne5 Rd1+ 94. Ke4 Nxd5 95. Nf3+ Kh5 96. Rb5 Kg4 97. Rxd5 Rxd5 98. Kxd5 Kxf3 99. Kc4 1/2-1/2

[Event "MČR v bleskovém šachu družstev 2019"]
[Site "Teplice, Czech Republic"]
[Date "2019.09.14"]
[Round "1.12"]
[White "Kuba, Jindrich"]
[Black "Pospichal, Michael"]
[Result "1/2-1/2"]
[TimeControl "3 mim. + 2 s"]
[WhiteTitle "FM"]
[WhiteFideId "318248"]
[BlackFideId "387274"]
[WhiteElo "2223"]
[BlackElo "1598"]

1. e4 c6 2. d4 d5 3.
exd5 cxd5 4. Nc3 Nf6 5. Nf3 Bg4 6.
Be2 Bxf3 7. Bxf3 e6 8. O-O Nc6 9. Re1 Qb6 10. Nxd5 Nxd5 11. Bxd5 Nxd4 12. Be3 Bc5 13. c3 Nf5 14. Bxc5 Qxc5 15. Qa4+ b5 16. Qb3 Rd8 17.
Bxe6 fxe6 18. Qxe6+ Ne7 19. Rad1 Rxd1 20. Rxd1 Rf8 21. Rd2 Rf6 1/2-1/2

[Event "MČR v bleskovém šachu družstev 2019"]
[Site "Teplice, Czech Republic"]
[Date "2019.09.14"]
[Round "1.13"]
[White "Vykouk, Jan"]
[Black "Novotny, Michal"]
[Result "0-1"]
[TimeControl "3 mim. + 2 s"]
[WhiteTitle "IM"]
[BlackTitle "FM"]
[BlackFideId "310980"]
[WhiteElo "2439"]
[BlackElo "2299"]

1. e4 e6 2. d4 d5 3. Nd2 a6 4. Ngf3 c5 5. exd5 exd5 6. dxc5 Bxc5 7. Nb3 Bb6 8. Be2 Nf6 9. O-O O-O 10.
Nfd4 Nc6 11. c3 Re8 12. Bg5 h6 13. Bh4 g5 14. Bg3 Ne4 15. Bd3 Qf6 16. Bc2 Bd7 17. f4 Nxd4 18. Nxd4 Bxd4+ 19. cxd4 Bb5 20. Bxe4 Rxe4 21. Rf2 Rxd4 22.
Qh5 Rf8 23. fxg5 Qxg5 24. Qxg5+ hxg5 25. Re1 Re4 26. Rd1 Rc8 27. Rf5 g4 28. Rfxd5 Rc2 29. R5d2 Rxd2 30. Rxd2 Rc4 31. Kf2 Rc6 32. Ke3 Kg7 33. Kd4 Rc4+ 34. Ke5 Kg6 35. Rd6+ Kg7 36. Rd2 Kg6 37. b3 Rc5+ 38. Kd6 Rc6+ 39. Ke5 f6+ 40. Kd4 Re6 41. a4 Bc6 42. Kc5 Re3 43. Rb2 0-1

[Event "MČR v bleskovém šachu družstev 2019"]
[Site "Teplice, Czech Republic"]
[Date "2019.09.14"]
[Round "1.14"]
[White "Rolinek, Dominik"]
[Black "Studnicka, Tomas"]
[Result "1/2-1/2"]
[TimeControl "3 mim. + 2 s"]
[BlackTitle "IM"]
[WhiteFideId "384569"]
[WhiteElo "1885"]
[BlackElo "2215"]

1. d4 Nf6 2. Bf4 d5 3. Nf3 c5 4. e3 Nc6 5. Nc3 Bf5 6. Ne5 a6 7. Bd3 Bxd3 8. Qxd3 e6 9. O-O Qb6 10.
Na4 Qb4 11. Nxc6 bxc6 12. Nxc5 Bxc5 13. dxc5 Qxc5 14. Be5 O-O 15. Bxf6 gxf6 16. Rac1 Qb5 17. Qc3 f5 18. Rfd1 c5 19.
Qf6 Qb6 20. Qg5+ Kh8 21. Qf6+ Kg8 22. Qg5+ 1/2-1/2

[Event "MČR v bleskovém šachu družstev 2019"]
[Site "Teplice, Czech Republic"]
[Date "2019.09.14"]
[Round "1.15"]
[White "Cech, Pavel"]
[Black "Richtr, Zdenek"]
[Result "1-0"]
[TimeControl "3 mim. + 2 s"]
[WhiteTitle "IM"]
[BlackFideId "301248"]
[WhiteElo "2387"]
[BlackElo "2138"]

1. e4 c5 2. Nf3 Qc7 3. Nc3 e6 4. g3 a6 5. a4 Nc6 6.
Bg2 b6 7. O-O Bb7 8. d3
Nf6 9. Re1 Be7 10. e5 Ng4 11. Bf4 h5 12. h3 Nh6 13. Ne4 Nf5 14. c3 O-O-O 15. d4 d5 16. exd6 Bxd6 17. Nxd6+ Nxd6 18. dxc5 bxc5 19. Qe2 Qb6 20. b4 Rhe8 21. Be3 Ne4 22. Qc2 f5 23. Rab1 Qc7 24. b5 Ne7 25. bxa6 Bxa6 26. Bf4 Qa5 27. Rb8+ 1-0

[Event "MČR v bleskovém šachu družstev 2019"]
[Site "Teplice, Czech Republic"]
[Date "2019.09.14"]
[Round "1.16"]
[White "Hosnedl, Matyas"]
[Black "Sodoma, Jan"]
[Result "1/2-1/2"]
[TimeControl "3 mim. + 2 s"]
[BlackTitle "IM"]
[WhiteFideId "390011"]
[WhiteElo "1852"]
[BlackElo "2193"]

1. e4 e5 2. Nf3 Nc6 3. Bb5 a6 4. Ba4 Nge7 5. c3 g6 6. O-O Bg7 7. d3 O-O 8. Nbd2 b5 9. Bb3 d5 10. Re1 Kh8 11. Nf1 h6 12. Ne3 dxe4 13. dxe4 Bb7 14. Nd5 Na5 15. Nxe7 Qxe7 16.
Bc2 Rad8 17. Qe2 Nc4 18.
a4 Nd6 19. axb5 axb5 20. Rd1 f5 21. exf5 gxf5 22. Re1 e4 23. Nd4 Qe5 24. g3 b4 25. Bf4 Qf6 26. Ra7 Ra8 27. Rea1 bxc3 28.
bxc3 Rxa7 29. Rxa7 Ra8 30. Rxa8+ Bxa8 31. Qa6 Bd5 32. Qa5 Qf7 33. Ba4 Nc4 34.
Qc5 Kh7 35. Qxc7 Qxc7 36. Bxc7 Bxd4 37. cxd4 Nb2 38. Bd7 Kg6 39. Be5 Nd3 1/2-1/2

[Event "MČR v bleskovém šachu družstev 2019"]
[Site "Teplice, Czech Republic"]
[Date "2019.09.14"]
[Round "1.21"]
[White "Liska, Jiri"]
[Black "Smid, Pavel"]
[Result "1-0"]
[TimeControl "3 mim. + 2 s"]
[WhiteTitle "FM"]
[BlackFideId "382213"]
[WhiteElo "2241"]
[BlackElo "1816"]

1. e4 e5 2. Nf3 Nc6 3. d4 exd4 4. Nxd4 Bb4+ 5. c3 Bc5 6. Be3 Qf6 7. Be2 Nge7 8. O-O O-O 9. Qd2 d6 10. Nb5 Bxe3 11. Qxe3 Be6 12.
Nxc7 Rac8 13. Nb5 Rfd8 14. Nxa7 Nxa7 15. Qxa7 Ng6 16. Nd2 Nf4 17. Qe3 Qg5 18. g3 Nh3+ 19. Kg2 Qg6 20. f4 f5 1-0

[Event "MČR v bleskovém šachu družstev 2019"]
[Site "Teplice, Czech Republic"]
[Date "2019.09.14"]
[Round "1.22"]
[White "Chrz, Pavel"]
[Black "Vltavsky, Vladimir"]
[Result "1/2-1/2"]
[TimeControl "3 mim. + 2 s"]
[WhiteTitle "CM"]
[WhiteElo "1899"]
[BlackElo "2252"]

1. e4 c5 2. d4 cxd4 3. c3 d5 4. exd5 Qxd5 5. cxd4 Nc6 6. Nf3 e5 7. Nc3 Bb4 8. Be2 e4 9. O-O Bxc3 10. bxc3 exf3 11. Bxf3 Qd8 12. Re1+ Nge7 13. d5 O-O 14. Ba3 Re8 15. dxc6 Nxc6 16. Qa4 Bd7 17. Rad1 Rxe1+ 18. Rxe1 Qg5 19. Qe4 h6 20. h4 Qf5 21.
Qxf5 Bxf5 22. Bxc6 bxc6 23. Re7 Be6 24.
Bc5 a5 25. a3 a4 26. Rc7 Bd5 27. Ra7 Rxa7 28. Bxa7 Kf8 29. Bc5+ Ke8 30. f3 Kd7 31. Bf8 g6 32. Bxh6 Kd6 33. Be3 Ke5 34. Kf2 f5 35. g3 Bf7 36. g4 fxg4 37. fxg4 Be8 38. Kf3 Bf7 39. Bc5 Bd5+ 40. Ke3 Be6 41. h5 gxh5 42. gxh5 Bf5 43. h6 Kd5 44. Kf4 Bh7 45. Bf8 Kc4 46. Bg7 Kb3 47. Bf8 Kxc3 48. Ke5 Kc4 49. Kd6 Kb5 50. Kc7 c5 51. Kd6 c4 52. Bg7 c3 53. Bxc3 Kc4 54. Bb4 Kb5 55. Ke5 Ka6 56. Kf6 Kb5 57. Kg7 Bb1 58. h7 Bxh7 59. Kxh7 Ka6 60. Kg7 Kb7 1/2-1/2

[Event "MČR v bleskovém šachu družstev 2019"]
[Site "Teplice, Czech Republic"]
[Date "2019.09.14"]
[Round "1.23"]
[White "Marsalek, Zdenek"]
[Black "Balin, Danniel"]
[Result "1-0"]
[TimeControl "3 mim. + 2 s"]
[BlackFideId "380954"]
[WhiteElo "2272"]
[BlackElo "1834"]

1. d4 c5 2. dxc5 e5 3. Nc3 Bxc5 4. Ne4 Qc7 5. Nxc5 Qxc5 6. e4 Nf6 7. Bd3 O-O 8. a3 Nc6 9. Be3 Qa5+ 10.
b4 Qc7 11. c4 d6 12. f3 Be6 13. Ne2 Rac8 14. O-O Nd4 15. Nxd4 exd4 16. Bxd4 Bxc4 17. Bxf6 Bxd3 18. Qxd3 gxf6 19.
Rfd1 Qb6+ 20. Kh1 Rfd8 21. Rd2 a5 22. bxa5 Qxa5 23. h3 Rc3 24. Qd4 Rxa3 25. Rb1 Ra4 26. Qf2 d5 27. Rbd1 d4 28.
Qg3+ Kh8 29. Qh4 Qe5 30. Rd3 Rc4 31. Qe1 b5 32. Rb3 Qc5 33. Rdb1 Rb8 34. Qh4 Qc6 35. Qf4 Rc3 36. Qxb8+ Kg7 37.
Qg3+ Kh8 38. Rxb5 Rc1+ 39. Rxc1 Qxc1+ 40. Kh2 1-0

[Event "MČR v bleskovém šachu družstev 2019"]
[Site "Teplice, Czech Republic"]
[Date "2019.09.14"]
[Round "1.24"]
[White "Balin, Kamil"]
[Black "Duran, Tomas"]
[Result "1/2-1/2"]
[TimeControl "3 mim. + 2 s"]
[WhiteFideId "313785"]
[WhiteElo "2092"]
[BlackElo "2135"]

1. d4 d6 2. c4 Nf6 3. Nc3 g6 4. e4 Bg7 5.
Nf3 O-O 6. Be2 c6 7. O-O Qc7 8.
d5 a5 9.
Be3 Ng4 10. Bd4 Ne5 11. Nxe5 dxe5 12. Be3 f5 13. exf5 gxf5 14. f4 e6 15. d6 Qd8 16. c5 Nd7 17. Na4 exf4 18. Bxf4 b6 19.
cxb6 Nxb6 20. Nc5 e5 21. Be3 Nd5 22.
Bc4 Kh8 23. Bxd5 cxd5 24. Qxd5 Rb8 25. d7 Rb5 26. Qc6 Rb6 27. Qxc8 Qxc8 28. dxc8=Q Rxc8 29. Rfd1 Rxb2 30. Ne6 Bf6 31. Rab1 Rbc2 32. Rbc1 Rxc1 33. Rxc1 Rxc1+ 34. Bxc1 Kg8 35. Nc5 e4 36. Nb3 a4 37. Nd2 Kf7 38. Kf2 Bd4+ 39. Ke2 Ke6 40. Nc4 Kd7 41. Ne3 Ke6 42.
h3 f4 43. Nc2 Be5 44. Nb4 Kd6 45. a3 Kc5 46. Kd2 Kc4 47. Kc2 e3 48. Nd3 Bd6 49. g3 fxg3 50. Bxe3 g2 51. Ne1 Bxa3 52. Nxg2 Bd6 53. Bc1 Kd4 54. Ne1 Ke4 55. Nd3 Kf3 56. h4 Kg4 57. Bg5 h6 58. Bxh6 Kxh4 59. Bg7 Kg4 60.
Kb2 Kf3 61. Ka2 Ke4 62. Nb2 Be5 63. Bxe5 Kxe5 1/2-1/2

[Event "MČR v bleskovém šachu družstev 2019"]
[Site "Teplice, Czech Republic"]
[Date "2019.09.14"]
[Round "1.25"]
[White "Skypala, Ondrej"]
[Black "Krejci, Jan"]
[Result "0-1"]
[TimeControl "3 mim. + 2 s"]
[BlackTitle "GM"]
[WhiteFideId "366285"]
[BlackFideId "322156"]
[WhiteElo "1976"]
[BlackElo "2527"]

1. c4 Nf6 2. Nc3 e6 3.
g3 d5 4. Bg2 d4 5. Ne4 Nbd7 6. d3 Nxe4 7. Bxe4 Nf6 8.
Bg2 c5 9. Nf3 Bd6 10. O-O O-O 11. Rb1 e5 12.
a3 a5 13. e4 dxe3 14. Bxe3 h6 15. Qc2 Bf5 16. Nh4 Bc8 17. Nf3 Qc7 18. Nd2 Bf5 19. Ne4 Be7 20. Nxf6+ Bxf6 21. Rbd1 Rfd8 22.
Be4 Be6 23. f4 exf4 24. Rxf4 Bd4 25.
Bxd4 Rxd4 26. Rdf1 Rad8 27. Qf2 b6 28. h4 Qd7 29. g4 Qe7 30. Qg3 R8d7 31. g5 h5 32. Qf3 Bg4 33. Qf2 Qe8 34. g6 f5 35. Bd5+ R7xd5 36. cxd5 Rxd3 37. Re1 Qxg6 38. Kh2 Rh3+ 39. Kg1 Bf3+ 0-1

[Event "MČR v bleskovém šachu družstev 2019"]
[Site "Teplice, Czech Republic"]
[Date "2019.09.14"]
[Round "1.26"]
[White "Sorm, Daniel"]
[Black "Kucera, Tomas"]
[Result "0-1"]
[TimeControl "3 mim. + 2 s"]
[WhiteTitle "FM"]
[WhiteFideId "5400139"]
[BlackFideId "311065"]
[WhiteElo "2310"]
[BlackElo "2014"]

1. d4 Nf6 2. c4 d6 3.
Nc3 g6 4. e4 Bg7 5. h3 O-O 6. Bg5 c5 7. d5 a6 8. a4 e6 9. Bd3 exd5 10. exd5 Re8+ 11. Nge2 Nbd7 12. f4 Qa5 13. O-O h6 14.
Bh4 Nf8 15. Qd2 Bd7 16. f5 g5 17.
Bg3 Qb6 18. a5 Qc7 19. h4 gxh4 20. Bxh4 N8h7 21. Nf4 Re5 22. Bg3 Re7 23. Bc2 Rae8 24. Bf2 Ng5 25. Qd3 Nfe4 26. Bh4 Bd4+ 27. Kh2 Bxf5 28. Nh5 Qd7 29. Bxg5 hxg5 30. Nxe4 Bxe4 31. Qd2 Qg4 32. Qxd4 Qxg2# 0-1

[Event "MČR v bleskovém šachu družstev 2019"]
[Site "Teplice, Czech Republic"]
[Date "2019.09.14"]
[Round "1.27"]
[White "Plasil, Petr"]
[Black "Strasil, Pavel"]
[Result "1/2-1/2"]
[TimeControl "3 mim. + 2 s"]
[WhiteFideId "359360"]
[BlackFideId "308013"]
[WhiteElo "1950"]
[BlackElo "2026"]

1. d4 Nf6 2. c4 e6 3. Nf3 d5 4. Nc3 Be7 5. cxd5 exd5 6.
Bg5 c6 7. e3 Bf5 8. Bd3 Bxd3 9. Qxd3 Nbd7 10. O-O O-O 11.
Rfe1 Re8 12. Rad1 Ne4 13. Bxe7 Qxe7 14. a3 a5 15. Nd2 Ndf6 16. f3 Nxc3 17. Qxc3 Qd7 18. b4 axb4 19. axb4 Ra4 20. Ra1 Rea8 21. Rxa4 Rxa4 22.
Ra1 Rxa1+ 23. Qxa1 Qc8 24. Qa5 h6 25. Nb3 Nd7 26. Nc5 b6 27. Qa6 Qxa6 28. Nxa6 Kf8 29. e4 dxe4 30. fxe4 Ke7 31.
b5 cxb5 32. Kf2 Nf6 33. Kf3 Kd7 34. Nb4 h5 35. h3 Ke6 36. Kf4 g6 37. g4 hxg4 38. hxg4 Ne8 39. Nd5 Nd6 40. Nxb6 b4 41. Na4 Nc4 42. Nc5+ Kd6 43.
Nb3 Kc6 44. Kg5 Nd6 45. e5 Ne4+ 46. Kf4 Kd5 47. Ke3 Nc3 48. Kd3 Nb5 49. g5 Ke6 50. Kc4 Nc7 51. Kxb4 Kd5 52. Kc3 Ne6 53. Kd3 Nxg5 54. Nd2 Ne6 55.
Ne4 Nf4+ 56. Ke3 Ng2+ 57. Kd3 Ke6 58. Ng5+ Ke7 59. Ne4 Nh4 60. Ke3 Nf5+ 61. Kd3 Ke6 62. Ng5+ Ke7 63.
Ne4 Ke6 64. Ng5+ Kxe5 1/2-1/2

[Event "MČR v bleskovém šachu družstev 2019"]
[Site "Teplice, Czech Republic"]
[Date "2019.09.14"]
[Round "1.28"]
[White "Krejci, Jan"]
[Black "Ruzicka, Filip"]
[Result "1/2-1/2"]
[TimeControl "3 mim. + 2 s"]
[WhiteFideId "316873"]
[BlackFideId "386154"]
[WhiteElo "2048"]
[BlackElo "1798"]

1. Nf3 Nf6 2. c4 g6 3. b4 Bg7 4. Bb2 O-O 5. g3 d6 6.
Bg2 e5 7. d3 Nbd7 8. O-O a5 9. b5 Nc5 10. Nc3 Be6 11. Nd2 Qc8 12. Re1 c6 13. Nb3 Nfd7 14. Nxc5 Nxc5 15. Rb1 Qc7 16. Qc2 Rfc8 17. Ba3 Nd7 18.
Ne4 d5 19. Bd6 Qd8 20. Nd2 cxb5 21. Rxb5 Nb6 22. Bc5 Nd7 23. Ba3 Nf6 24. Rxb7 dxc4 25. Nxc4 Bxc4 26. dxc4 Ra6 27. Rd1 Qe8 28.
Rbb1 e4 29. c5 Nd7 30. Bxe4 Nxc5 31. Bxc5 Bf8 32. Rd5 Bxc5 33. Rxc5 Rxc5 34. Qxc5 Qxe4 35. Rb8+ Kg7 36. Qf8+ Kf6 37. Qd8+ Qe7 38. Qd4+ Qe5 39.
Qxe5+ Kxe5 40. Rb7 Kf6 41. Kg2 Rc6 42. Ra7 Rc2 43. Rxa5 Rxe2 44. a4 Ra2 45. Ra8 Ke6 46. Kf3 h5 47. h4 Ra3+ 48. Ke4 Ra2 49. f3 Re2+ 50. Kf4 Ra2 51. Ra6+ Ke7 52. a5 Ra4+ 53. Ke5 Ra1 54. Ra7+ Ke8 55. Kf6 Rf1 56.
Re7+ Kd8 57. Rxf7 Rxf3+ 58. Kxg6 Rxg3+ 59. Kxh5 Ra3 60. Rf5 Ra4 61. Re5 Kc7 62. Kg5 Kd6 63. Rf5 Ra2 64. h5 Ke7 65. h6 Rg2+ 66. Kf4 Rh2 67. Re5+ Kf7 68. Kg5 Rg2+ 69. Kf5 Rh2 70. a6 Rxh6 71. Ra5 Rh8 72. a7 Ra8 73. Ke5 Ke7 74. Kd5 Kd7 75. Kc5 Kc7 76. Kb5 Kb7 1/2-1/2